 Dungeon Crawl Stone Soup version 0.24-a0-536-gdd4cf15 (webtiles) character file.

Game seed: 3013362450230859374

7765 Elitist the Basher (level 11, -4/88 HPs)
             Began as a Demonspawn Abyssal Knight on Aug 11, 2019.
             Was a Priest of Lugonu.
             Slain by a tengu warrior
             ... wielding a +3 battleaxe
              (12 damage)
             ... on level 10 of the Dungeon.
             The game lasted 00:31:16 (14117 turns).

Elitist the Basher (Demonspawn Abyssal Knight)     Turns: 14117, Time: 00:31:16

Health: -4/88      AC: 17    Str: 16      XL:     11   Next: 1%
Magic:  17/17      EV:  2    Int: 14      God:    Lugonu [***...]
Gold:   189        SH: 10    Dex: 11 (12) Spells: 10/10 levels left

rFire    . . .     SeeInvis +   a - +5 flail (crush)
rCold    + . .     Gourm    .   s - +0 large shield
rNeg     + . .     Faith    +   B - +1 chain mail of the Bells {rPois rN+}
rPois    +         Spirit   .   g - +2 hat {SInv}
rElec    .         Reflect  .   z - scarf {repulsion}
rCorr    .         Harm     .   (no gloves)
MR       .....                  d - +0 pair of boots
Stlth    ..........             o - amulet of faith
HPRegen  0.24/turn              x - ring of flight
MPRegen  0.15/turn              (no ring)

@: repel missiles
A: antennae 1, rugged brown scales 2, cold resistance 1, deterioration 1,
nightstalker 2, sense surroundings 1
a: Depart the Abyss, Bend Space, Banish, Renounce Religion, Evoke Flight


You were on level 10 of the Dungeon.
You worshipped Lugonu.
Lugonu was most pleased with you.
You were not hungry.

You visited 2 branches of the dungeon, and saw 11 of its levels.
You visited the Abyss 1 time.

You collected 507 gold pieces.
You spent 318 gold pieces at shops.

Inventory:

Hand Weapons
 a - a +5 flail of crushing (weapon)
 b - a +0 hunting sling
 h - a +0 morningstar
 A - a +2 dagger of venom
Missiles
 c - 266 stones
 f - 5 atropa-tipped darts
 F - 4 boomerangs (quivered)
Armour
 d - a +0 pair of boots (worn)
 g - a +2 hat of see invisible (worn)
 s - a +0 large shield (worn)
 z - a scarf of repulsion (worn)
 B - the +1 chain mail of the Bells (worn) {rPois rN+}
   (You bought it in a shop on level 4 of the Dungeon)

   It protects you from poison.
   It protects you from negative energy.
 C - a +0 plate armour of cold resistance
 E - a +3 ring mail of fire resistance
Jewellery
 n - an uncursed ring of ice
 o - an amulet of faith (around neck)
 x - a ring of flight (left hand)
Wands
 j - a wand of polymorph (8)
 H - a wand of flame (7)
Scrolls
 i - 3 scrolls of teleportation
 k - 4 scrolls of remove curse
 l - 3 scrolls of enchant armour
 m - 4 scrolls of identify
 r - 2 scrolls of magic mapping
 y - a scroll of fog
 D - 2 scrolls of noise {unknown}
 G - 2 scrolls of blinking {unknown}
 J - a scroll of amnesia
 K - a scroll of enchant weapon
Potions
 t - a potion of brilliance
 u - 3 potions of flight
 v - 5 potions of curing
 w - a potion of berserk rage
 I - 3 potions of might
Comestibles
 e - 14 rations
 p - 3 chunks of flesh


   Skills:
 - Level 7.1 Fighting
   Level 4.5 Long Blades
 * Level 10.1 Maces & Flails
 - Level 7.4 Armour
 - Level 0.8 Dodging
 - Level 8.9 Invocations


You had 10 spell levels left.
You didn't know any spells.
Your spell library was empty.

Dungeon Overview and Level Annotations

Branches:
Dungeon (10/15)            Temple (1/1) D:7            Lair (0/6) D:10
    Orc: D:9-12

Altars:
Ashenzari
Cheibriados
Dithmenos
Elyvilon
Fedhas
Gozag
Hepliaklqana
Kikubaaqudgha
Makhleb
Nemelex Xobeh
Okawaru
Qazlal
Ru
Sif Muna
Trog
Uskayaw
Vehumet
Wu Jian
Xom
Yredelemnul
Zin
The Shining One

Shops:
D:4 [   D:10 !:

Annotations:
D:8 exclusion: upstairs


Innate Abilities, Weirdness & Mutations

You have a pair of small antennae on your head.
You are mostly covered in rugged brown scales. (AC +2, +5% HP)
Your flesh is cold resistant. (rC+)
You are significantly more attuned to the shadows.
Your body sometimes deteriorates upon taking damage.
You passively map a small area around you.


Message History

You closely miss the tengu warrior.
The tengu warrior is almost dead.
The tengu warrior hits you with a +3 battleaxe.
* * * LOW HITPOINT WARNING * * *
The tengu warrior pecks you but does no damage.
The tengu warrior claws you but does no damage.
Unknown command.
You barely miss the tengu warrior.
The tengu warrior is almost dead.
The tengu warrior hits you with a +3 battleaxe!
* * * LOW HITPOINT WARNING * * *
The tengu warrior pecks you.
* * * LOW HITPOINT WARNING * * *
The tengu warrior claws you but does no damage.
You hit the tengu warrior but do no damage.
The tengu warrior is almost dead.
You closely miss the tengu warrior.
The tengu warrior is almost dead.
The tengu warrior hits you with a +3 battleaxe!
You die...

#.......#.#.........
#..........
#.......#..#........
...........
#.....##.#.#........
...........
#.>##.####.##.......
.......^... * . *
###.#...... , , , **
######..##### ,, ,
** #.###..##.P%# ,,
###.#...#....% * .
#..#..#.@Q..♣ * , .
###.##..#....? ,, .
###...#...##PP%#*, ?
#....######*#### .
#.#### , , . #.# * *
, , ...... #.# * *
...... #.# , ......
#.# , , , ......


You could see a tengu warrior.

Vanquished Creatures
  Gastronok (D:10)
  An unseen horror (D:10)
  A hornet (D:10)
  A hippogriff (D:8)
  4 yaks (D:8)
  A hungry ghost (D:10)
  Edmund (D:4)
  A water moccasin (D:10)
  An orc warrior (D:8)
  2 sky beasts
  3 phantoms
  A necrophage (D:10)
  4 ice beasts (D:8)
  A black bear (D:9)
  2 centaurs
  6 ogres
  A big kobold (D:10)
  Blork the orc (D:5)
  5 bullfrogs
  4 wights (D:7)
  An electric eel (D:8)
  A howler monkey (D:8)
  3 jellies (D:7)
  2 bullfrog zombies
  6 crimson imps
  5 orc priests
  5 hounds
  3 centaur skeletons
  3 iguanas
  Ijyb (D:5)
  11 orc wizards
  6 worker ants
  A killer bee zombie (D:9)
  A hound zombie (D:6)
  3 gnolls (D:7)
  8 adders
  A shadow imp (D:9)
  2 white imps (D:8)
  An ufetubus (D:8)
  2 adder skeletons (D:4)
  4 worms
  2 dart slugs
  2 leopard geckos
  31 orcs
  5 giant cockroaches
  17 goblins
  9 hobgoblins
  12 kobolds
  2 quokkas (D:9)
  2 ball pythons
  10 bats
  6 frilled lizards
  A giant cockroach zombie (D:5)
  A quokka skeleton (D:7)
  7 rats
219 creatures vanquished.

Vanquished Creatures (others)
  A two-headed ogre (D:9)
  An ogre (D:8)
2 creatures vanquished.

Grand Total: 221 creatures vanquished

Notes
Turn   | Place    | Note
-------+----------+-------------------------------------------
     0 | Abyss:1  | Elitist the Demonspawn Abyssal Knight began the quest for
                  | the Orb.
     0 | Abyss:1  | Reached XP level 1. HP: 18/18 MP: 2/2
    55 | Abyss:1  | Noticed a hellwing
    69 | Abyss:1  | Noticed a raiju
    74 | D:1      | Escaped the Abyss
   352 | D:1      | Gained mutation: You are partially covered in rugged brown
                  | scales. (AC +1, +3% HP) [demonic ancestry]
   352 | D:1      | Reached XP level 2. HP: 16/24 MP: 3/3
  1160 | D:1      | Reached * piety under Lugonu
  1536 | D:2      | Gained mutation: You have a pair of small antennae on your
                  | head. [demonic ancestry]
  1536 | D:2      | Reached XP level 3. HP: 24/29 MP: 4/4
  1738 | D:2      | Found a snail-covered altar of Cheibriados.
  1738 | D:2      | Found a sparkling altar of Nemelex Xobeh.
  2119 | D:2      | Gained mutation: You are mostly covered in rugged brown
                  | scales. (AC +2, +5% HP) [demonic ancestry]
  2119 | D:2      | Reached XP level 4. HP: 26/38 MP: 5/5
  3074 | D:3      | Reached ** piety under Lugonu
  3245 | D:3      | Reached XP level 5. HP: 32/45 MP: 6/6
  3652 | D:3      | Found a bloodstained altar of Trog.
  4061 | D:4      | Noticed a phantom
  4067 | D:4      | Reached skill level 5 in Fighting
  4135 | D:3      | Killed a phantom
  4135 | D:3      | Gained mutation: You are slightly more attuned to the
                  | shadows. [demonic ancestry]
  4135 | D:3      | Reached XP level 6. HP: 48/53 MP: 7/7
  4717 | D:4      | Noticed Edmund
  4750 | D:4      | Killed Edmund
  4750 | D:4      | Gained mutation: You are significantly more attuned to the
                  | shadows. [demonic ancestry]
  4750 | D:4      | Reached XP level 7. HP: 46/60 MP: 8/8
  5057 | D:4      | Found Befoopn's Antique Armour Boutique.
  5119 | D:4      | Reached skill level 1 in Maces & Flails
  5358 | D:5      | Entered Level 5 of the Dungeon
  5596 | D:5      | Found a hide-covered altar of Uskayaw.
  5598 | D:5      | Noticed Blork the orc
  5617 | D:5      | Killed Blork the orc
  5717 | D:5      | Reached skill level 2 in Maces & Flails
  6138 | D:5      | Noticed Ijyb
  6149 | D:5      | Killed Ijyb
  6227 | D:5      | Found a hazy altar of Hepliaklqana.
  6435 | D:5      | Reached XP level 8. HP: 68/68 MP: 9/9
  6541 | D:5      | Found a white marble altar of Elyvilon.
  6544 | D:5      | Found a faded altar of an unknown god.
  6546 | D:5      | Found a radiant altar of Vehumet.
  6547 | D:5      | Found a faded altar of an unknown god.
  6552 | D:5      | Found a glowing golden altar of the Shining One.
  7042 | D:6      | Reached skill level 3 in Maces & Flails
  7169 | D:6      | Reached *** piety under Lugonu
  7490 | D:6      | Found a blossoming altar of Fedhas.
  7868 | D:6      | Found a glowing silver altar of Zin.
  7978 | D:7      | Reached skill level 4 in Maces & Flails
  8059 | D:7      | Found a staircase to the Ecumenical Temple.
  8067 | Temple   | Entered the Ecumenical Temple
  8225 | D:7      | Reached skill level 5 in Armour
  8543 | D:7      | Found a basalt altar of Yredelemnul.
  8577 | D:7      | Found an opulent altar of Gozag.
  8922 | D:7      | Reached skill level 5 in Maces & Flails
  9020 | D:7      | Gained mutation: Your flesh is cold resistant. (rC+)
                  | [demonic ancestry]
  9020 | D:7      | Reached XP level 9. HP: 59/75 MP: 12/12
  9103 | D:7      | Reached skill level 5 in Invocations
  9935 | D:4      | Bought a slimy chain mail for 266 gold pieces
  9935 | D:4      | Identified the +1 chain mail of the Bells {rPois rN+} (You
                  | bought it in a shop on level 4 of the Dungeon)
 10185 | D:8      | Found a shimmering blue altar of Sif Muna.
 10209 | D:8      | Reached skill level 6 in Maces & Flails
 10332 | D:8      | Noticed a death yak
 12093 | D:8      | Reached skill level 7 in Maces & Flails
 12238 | D:8      | Reached XP level 10. HP: 35/82 MP: 15/15
 12872 | D:9      | Found a shimmering altar of Xom.
 13029 | D:9      | Noticed a two-headed ogre
 13042 | D:9      | Banished a two-headed ogre
 13042 | D:9      | Reached skill level 8 in Maces & Flails
 13251 | D:10     | Entered Level 10 of the Dungeon
 13295 | D:10     | Noticed Gastronok
 13322 | D:10     | Killed Gastronok
 13322 | D:10     | Reached skill level 9 in Maces & Flails
 13605 | D:10     | Found Ruytet's Book Boutique.
 13725 | D:10     | Found Qabbuh's Distillery.
 13760 | D:10     | Bought a potion of might for 52 gold pieces
 13785 | D:10     | Found a shadowy altar of Dithmenos.
 13789 | D:10     | Gained mutation: Your body sometimes deteriorates upon
                  | taking damage. [potion of mutation]
 13789 | D:10     | Gained mutation: You passively map a small area around you.
                  | [potion of mutation]
 13801 | D:10     | Noticed an unseen horror
 13823 | D:10     | Killed an unseen horror
 13827 | D:10     | Reached skill level 10 in Maces & Flails
 14009 | D:10     | Reached XP level 11. HP: 84/88 MP: 17/17
 14019 | D:10     | Found a bloodstained altar of Trog.
 14086 | D:10     | Found a staircase to the Lair.
 14097 | D:10     | Noticed a tengu warrior
 14117 | D:10     | Slain by a tengu warrior

Levels and vault maps discovered:
D:1:      tarquinn_simple_flora_water_e, layout_loops_corners,
          minmay_misc_feat_plants
D:2:      wander_river, layout_basic, grunt_temple_overflow_open,
          minmay_goblin_outpost
D:3:      layout_basic, trog_three_pillars_becter
D:4:      layout_loops_ring, serial_shops, shop, uniq_edmund
D:5:      layout_basic, chequers_temple_overflow_minitemple,
          eat_drink_and_be_merry_uskayaw, lemuel_crystal_altar, first_ration,
          uniq_blork_the_orc, uniq_ijyb
D:6:      layout_loops_corners, lemuel_crystal_altar, zin_scriptorium
D:7:      layout_basic, kennysheep_little_box, lemuel_crystal_altar,
          minmay_temple_entry_stoned_glass
D:8:      layout_loops_corners, overflow_temple_1_default, serial_ice,
          serial_ice_e, serial_ice_m, serial_ice_l, serial_ice_b
D:9:      layout_stronghold, old_standard_altar
D:10:     layout_big_octagon, lair_entry_dummy, serial_shops, shop_coins, shop,
          basic_altar, minmay_misc_feat_ornament, grunt_tengu_nest,
          nicolae_dithmenos_through_a_glass_darkly, uniq_gastronok
Temple:   nicolae_temple_figure_zero

Skill      XL: |  1  2  3  4  5  6  7  8  9 10 |
---------------+-------------------------------+-----
Long Blades    | 2 3 4 |  4.5
Fighting       | 4 5 6 7 |  7.1
Armour         | 2 4 5 6 7 |  7.4
Maces & Flails | 2 5 7 10 | 10.1
Invocations    | 4 7 8 |  8.9
Dodging        | |  0.8

Action                   |  1- 3 |  4- 6 |  7- 9 | 10-12 || total
-------------------------+-------+-------+-------+-------++-------
Melee: Falchion          |   135 |   135 |       |       ||   270
       Dagger            |       |    42 |   138 |       ||   180
       Flail             |       |       |   275 |   191 ||   466
 Fire: Hunting sling     |    56 |    66 |    68 |       ||   190
Throw: Stone             |    16 |       |       |       ||    16
       Boomerang         |       |       |    14 |     3 ||    17
       Dart              |       |       |       |     3 ||     3
Invok: Depart the Abyss  |     1 |       |       |       ||     1
       Banish            |       |       |     3 |     2 ||     5
Evoke: Wand              |       |       |    22 |    13 ||    35
  Use: Scroll            |       |     6 |     7 |     1 ||    14
       Potion            |       |     1 |     3 |     6 ||    10
 Stab: Sleeping          |       |       |     3 |       ||     3
       Paralysed         |       |       |     2 |       ||     2
  Eat: Chunk             |     4 |     8 |    15 |     6 ||    33
       Ration            |       |       |     3 |     2 ||     5
Armor: Leather armour    |    17 |       |       |       ||    17
       Chain mail        |   100 |   109 |   126 |   137 ||   472
       Ring mail         |       |       |    87 |       ||    87
Dodge: Dodged            |    48 |     8 |    51 |    15 ||   122
       Deflected         |       |       |     1 |     3 ||     4
Block: Large shield      |    68 |   102 |   214 |   110 ||   494
       Rpst.: Falchion   |    13 |     1 |       |       ||    14

Table legend:
 A = Non-vault XP
 B = Vault XP
 C = Vault XP percentage of total XP
 D = Non-vault monster count
 E = Vault monster count
 F = Vault count percentage of total count
                 A         B        C        D         E       F
            +---------+---------+-------+---------+---------+-------
      Total |    7976 |    3117 |  28.1 |     203 |      18 |   8.1
            +---------+---------+-------+---------+---------+-------
        D:1 |      38 |       0 |   0.0 |      23 |       0 |   0.0
        D:2 |      68 |      11 |  13.9 |      22 |       7 |  24.1
        D:3 |     318 |       0 |   0.0 |      28 |       0 |   0.0
        D:4 |     334 |     158 |  32.1 |      15 |       1 |   6.2
        D:5 |     404 |     126 |  23.8 |      15 |       2 |  11.8
        D:6 |     376 |       0 |   0.0 |      11 |       0 |   0.0
        D:7 |    1574 |       0 |   0.0 |      29 |       0 |   0.0
        D:8 |    1838 |     546 |  22.9 |      20 |       7 |  25.9
        D:9 |     856 |       0 |   0.0 |      15 |       0 |   0.0
       D:10 |    2170 |    2276 |  51.2 |      25 |       1 |   3.8
            +---------+---------+-------+---------+---------+-------
